Map: Romanticide LE

Players

Sizgil

  • Race: Zerg Zerg
  • League: Gold

Bear - Winner!

  • Race: Zerg Zerg
  • League: Diamond

VOD

Have the link to the VOD?

Description

Time

  • Played on: Sept. 3, 2021, 6:27 p.m.
  • Length: 4:31
Show
View Real Time Build Order
Export as new Build Order

Sizgil Zerg 

Build Orders: Pool First 

Get SALT Encoding   

  12  0:01  Drone  
  13  0:09  Drone  
  14  0:29  Extractor  
  14  0:30  Spawning Pool  
  12  0:57  Hatchery  
  11  1:17  Queen  
  13  1:32  Overlord, Zergling x2  
  14  1:51  Zergling x4  
  16  2:18  Zergling x2  
  16  2:19  Zergling x6  
  18  2:34  Zergling x10  
  22  3:03  Zergling x4  
  15  4:03  Drone  
  15  4:04  Drone x6  
  7  4:26  Spawning Pool  
Show
View Real Time Build Order
Export as new Build Order

Bear Zerg - Winner!

Build Orders: 1 Base Baneling Bust, Pool Only 

Get SALT Encoding   

  12  0:19  Spawning Pool  
  11  0:22  Drone  
  11  0:26  Drone  
  13  0:30  Drone  
  14  0:42  Overlord  
  14  1:06  Zergling x2  
  14  1:07  Zergling x4  
  14  1:08  Queen  
  19  1:17  Extractor, Zergling x2  
  19  1:28  Drone  
  20  1:40  Drone  
  21  1:57  Spine Crawler  
  22  2:01  Drone x2  
  22  2:11  Overlord  
  21  2:46  Drone x3  
  24  2:58  Baneling Nest  
  23  3:01  Drone  
  23  3:03  Roach Warren  
  23  3:06  Spine Crawler  
  23  3:07  Zergling x2  
  23  3:14  Zergling x2  
  24  3:25  Zergling x2  
  25  3:30  Zergling x6  
  28  3:42  Baneling x5  
  28  3:43  Baneling  
  27  3:50  Baneling Nest  
Tags
 
Add a new tag
Caveats
  • Supply blocks, unpowered buildings, or Contaminate may cause inaccurate times.
  • Supply counts are checked every 10 seconds.